 Dungeon Crawl Stone Soup version 0.17-a0-1830-g81820eb (webtiles) character file.

404217 Ijustatesigmund the Shatterer (level 22, -15/325 HPs)
             Began as a Minotaur Berserker on Sept 10, 2015.
             Was the Champion of Trog.
             Demolished by a vault guard
             ... wielding a +0 dire flail
              (20 damage)
             ... on level 5 of the Vaults on Sept 13, 2015.
             The game lasted 04:16:35 (63421 turns).

Ijustatesigmund the Shatterer (Minotaur Berserker) Turns: 63421, Time: 04:16:35

Health: -15/325    AC: 40    Str: 28    XL:     22   Next: 34%
Magic:  9/9        EV:  8    Int:  4    God:    Trog [******]
Gold:   4438       SH: 16    Dex: 14    Spells: 0 memorised, 21 levels left

rFire  + + .     SeeInvis +     b - +6 morningstar (antimagic)
rCold  + + .     Clarity  .     V - +8 gold dragon armour
rNeg   + + +     SustAt   .     z - +2 shield
rPois  +         Gourm    .     (helmet restricted)
rElec  +         Spirit   .     O - +2 cloak of Unifel {rC+ rN+++ Dex-5}
rCorr  +         Warding  .     I - +1 pair of gloves of Heresy {*Drain rElec MR+ rCorr}
rMut   +         Stasis   .     o - +2 pair of boots {run}
MR     ++++.                    x - amulet of resist mutation
Stlth  ..........               G - ring of see invisible
                                d - ring of protection from fire

@: berserking (expiring), lethally poisoned (-15 -> -15), regenerating, very
quick, incredibly resistant to hostile enchantments, extremely unstealthy
A: retaliatory headbutt, horns 2, spit poison 2
a: Spit Poison, Burn Spellbooks, Berserk, Trog's Hand, Brothers in Arms,
Renounce Religion
}: 2/15 runes: decaying, gossamer


You were on level 5 of the Vaults.
You worshipped Trog.
Trog was exalted by your worship.
You were hungry.

You visited 8 branches of the dungeon, and saw 45 of its levels.
You visited the Abyss 2 times.
You visited 1 bazaar.
You also visited: Ossuary and Ice Cave.

You collected 5634 gold pieces.
You spent 1196 gold pieces at shops.

Inventory:

Hand weapons
 b - a +6 antimagic morningstar (weapon)
Missiles
 Q - 3 javelins of penetration (quivered)
Armour
 o - a +2 pair of boots of running (worn)
 t - a +2 pair of gloves of strength
 z - a +2 shield (worn)
 I - the +1 pair of gloves of Heresy (worn) {*Drain rElec MR+ rCorr}
   (You found it on level 1 of the Abyss)

   It insulates you from electricity.
   It affects your resistance to hostile enchantments.
   It protects you from acid and corrosion.
   It causes draining when unequipped.
 O - the +2 cloak of Unifel (worn) {rC+ rN+++ Dex-5}
   (You found it on level 8 of the Lair of Beasts)

   It affects your dexterity (-5).
   It protects you from cold.
   It renders you almost immune to negative energy.
 V - a +8 gold dragon armour (worn)
Jewellery
 d - a ring of protection from fire (left hand)
 x - an amulet of resist mutation (around neck)
 G - a ring of see invisible (right hand)
 H - an uncursed amulet of the gourmand
Magical devices
 j - a wand of fireball (3)
 v - a wand of fire (2)
 w - a wand of invisibility (5)
 y - a wand of cold (5)
 E - a wand of lightning (3)
 L - a wand of teleportation (6)
 W - a wand of digging (10)
 Z - a wand of digging (14)
Scrolls
 f - 4 scrolls of blinking
 i - 3 scrolls of torment
 l - 8 scrolls of fear
 p - 2 scrolls of magic mapping
 q - 11 scrolls of remove curse
 J - 4 scrolls of identify
 M - 5 scrolls of enchant weapon
 N - 2 scrolls of teleportation
 P - 4 scrolls of fog
 R - a scroll of summoning
 Y - 5 scrolls of recharging
Potions
 a - a potion of might
 e - 6 potions of flight
 g - 3 potions of cancellation
 m - 5 potions of heal wounds
 n - 3 potions of resistance
 s - a potion of invisibility
 u - 7 potions of agility
 A - 12 potions of curing
 F - 4 potions of haste
 K - a potion of brilliance
Miscellaneous
 k - a disc of storms
Comestibles
 c - 15 bread rations
 h - 2 chunks of flesh
 r - 20 beef jerkies
 B - 12 royal jellies
 C - 11 fruits
 S - 21 meat rations


   Skills:
 - Level 22.6 Fighting
 + Level 23.6 Maces & Flails
 - Level 10.5 Throwing
 - Level 18.6 Armour
 - Level 16.2 Dodging
 - Level 5.8 Stealth
 - Level 12.2 Shields
 - Level 10.1 Evocations


You had 21 spell levels left.
You didn't know any spells.

Dungeon Overview and Level Annotations

Branches:
Dungeon (15/15)            Temple (0/1) D:6            Lair (8/8) D:11
  Swamp (4/4) Lair:5       Spider (4/4) Lair:5        Slime (0/6) Lair:6
    Orc (4/4) D:10            Elf (3/3) Orc:3        Vaults (5/5) D:13
  Crypt (0/3) Vaults:2     Depths (2/5) D:15

Altars:
Cheibriados
Dithmenos
Elyvilon
Fedhas
Nemelex Xobeh
Okawaru
Qazlal
Ru
Trog
Beogh
Jiyva

Shops:
Orc:4 !*[%   Elf:3 (   Vaults:1 *[   Depths:1 !

Portals:
Hell: Depths:1
Pandemonium: Depths:2
Ziggurat: Depths:2
Trove: D:11 (give 13 potions of heal wounds)


Innate Abilities, Weirdness & Mutations

You reflexively headbutt those who attack you in melee.
You have a pair of horns on your head.
You can spit poison.


Message History

You barely miss the vault warden.
The vault warden is severely wounded.
You feel sick.
The unseen horror changes into a soldier ant!
You block the stone giant's attack. You block the vault warden's attack.
The large abomination hits you!!
* * * LOW HITPOINT WARNING * * *
You bludgeon the vault warden!!
The vault warden's magic leaks into the air.
You headbutt the vault warden.
You kill the vault warden!
Trog accepts your kill.
The runic seals fade away.
The ironbrand convoker gestures at the vault guard while chanting.
The vault guard seems to grow stronger.
You block the stone giant's attack.
The ironbrand convoker casts a spell at the titan.
The titan seems to grow stronger.
You feel sick.
The vault guard hits you with a dire flail!!
You die...

......#..((#
#.#...#....# ..
.....#....#.(#
#...#....#...
............
######((aC....##
......(XCp<.....
p.....[C@p.<....
.......)pc<.....
......(.........
######.........#
............
..[.#.......#
..#####....#.##
. #....#.#
#....# .


You could see a titan, 2 stone giants, a yaktaur captain, a vault guard, a large
abomination, 2 ironbrand convokers and a soldier ant shaped shifter.

Vanquished Creatures
  Mara (Vaults:3)
  the Lernaean hydra (Swamp:4)
  Norris (Spider:2)
  Saint Roka (Orc:4)
  Nikola (Spider:2)
  A bone dragon (Abyss:1)
  Jorgrun (Vaults:3)
  2 liches
  A hellephant (Abyss:1)
  Rupert (D:13)
  2 tentacled monstrosities
  2 deep elf master archers (Elf:3)
  A deep elf blademaster (Elf:3)
  3 tentacled starspawn (Abyss:1)
  Agnes (Elf:2)
  A thorn hunter (Swamp:3)
  An ancient champion (Vaults:2)
  A tengu reaver (Depths:2)
  5 frost giants
  Wiglaf (Elf:2)
  2 fire giants
  12 deep elf sorcerers
  3 ghost moths (Spider:4)
  A cacodemon (Depths:2)
  14 vault wardens
  Aizul (Swamp:4)
  Louise (Spider:2)
  7 emperor scorpions
  10 stone giants
  A very ugly thing (Depths:1)
  13 ironheart preservers
  A vampire knight (Vaults:2)
  6 deep elf demonologists
  A salamander stormcaller (Vaults:2)
  A green draconian (Abyss:1)
  A mottled draconian (Abyss:1)
  Azrael (Spider:3)
  9 deep elf annihilators
  6 ettins
  Snorg (Lair:4)
  6 deep elf death magi
  32 vault guards
  Josephine (Orc:4)
  5 fire dragons
  5 entropy weavers
  Fannar (Lair:2)
  4 great orbs of eyes
  A spriggan air mage (Depths:2)
  4 deep elf high priests
  21 hydras
  5 yaktaur captains
  4 rakshasas
  4 ice dragons
  2 catoblepae
  15 centaur warriors
  The ghost of Noname the Grappler, an experienced TrHu of Ru (D:9)
  10 ogre magi
  3 alligators
  21 dancing weapons
  2 ghost crabs
  3 deep troll earth magi
  4 death yaks (Lair:8)
  2 tengu warriors (Depths:2)
  A spriggan berserker (Depths:2)
  4 orc high priests
  24 deep elf knights
  A storm dragon zombie (Depths:2)
  2 shadow wraiths
  A thrashing horror (Abyss:1)
  A spriggan (Depths:2)
  Nergalle (Lair:3)
  A hell knight (D:15)
  A titan skeleton (Depths:2)
  A wretched star (Abyss:1)
  2 fire crabs
  4 skeletal warriors (Vaults:1)
  9 deep trolls
  A spatial maelstrom (Abyss:1)
  13 large abominations
  2 spriggan druids
  5 hill giants
  A giant orange brain (Vaults:2)
  3 ice statues (IceCv)
  6 orc knights
  4 flayed ghosts
  A tengu zombie (Depths:2)
  12 deep elf summoners
  9 swamp dragons
  6 harpies
  19 deep elf conjurers
  16 ironbrand convokers
  A wolf spider zombie (D:15)
  4 necromancers
  14 orb spiders
  5 griffons
  2 manticores (Lair:8)
  19 wolf spiders
  42 ugly things
  2 cyclopes (shapeshifter)
  A wizard (Depths:2)
  6 cyclopes
  An iron dragon zombie (Depths:2)
  A salamander (shapeshifter) (Depths:1)
  2 hornets
  4 orc sorcerers
  2 moths of wrath (Spider:4)
  A rust devil (Abyss:1)
  2 shining eyes (shapeshifter)
  A worldbinder (Abyss:1)
  14 vault sentinels
  3 black mambas
  16 elephants
  A torpor snail (shapeshifter) (Elf:1)
  An orange demon (Abyss:1)
  2 torpor snails
  Psyche (D:9)
  An apocalypse crab (Abyss:1)
  2 centaur skeletons
  2 hellwings (Abyss:1)
  A smoke demon (Depths:2)
  14 demonic crawlers
  25 spiny frogs
  13 komodo dragons
  A fire drake (shapeshifter) (Depths:1)
  2 fire drakes (Lair:8)
  A spiny frog (shapeshifter) (Vaults:2)
  17 deep elf priests
  6 freezing wraiths
  2 ancient zymes (Abyss:1)
  A red devil (Depths:2)
  30 yaktaurs
  2 blue devils (Depths:2)
  18 jumping spiders
  A queen bee (Lair:5)
  6 trolls
  A wolf spider simulacrum (Abyss:1)
  A troll (shapeshifter) (Vaults:2)
  20 two-headed ogres
  5 giant leeches
  7 boulder beetles
  Grinder (D:6)
  3 raiju
  8 polar bears (Lair:8)
  17 blink frogs
  8 bog bodies
  29 slime creatures
  A fire giant simulacrum (Depths:2)
  21 tarantellas
  39 redbacks
  7 wyverns
  3 ynoxinuls
  2 shadows
  26 trapdoor spiders
  A centaur simulacrum (D:15)
  A redback (shapeshifter) (Depths:1)
  4 fire elementals (Spider:2)
  37 deep elf magi
  6 wraiths
  48 yaks
  10 hippogriffs
  Eustachio (D:4)
  A tarantella (shapeshifter) (D:15)
  3 hungry ghosts
  5 small abominations (Abyss:1)
  A hog (Swamp:4)
  A hippogriff (shapeshifter) (D:15)
  9 basilisks
  23 wolves
  3 chaos spawn
  A neqoxec (Abyss:1)
  23 vampire mosquitoes
  14 swamp worms
  28 deep elf fighters
  7 wargs (Lair:8)
  Edmund (D:6)
  A soldier ant (D:14)
  A spatial vortex (Abyss:1)
  22 insubstantial wisps
  6 hell hounds
  21 water moccasins
  10 porcupines
  A soldier ant (shapeshifter) (Vaults:1)
  13 swamp drakes
  21 orc warriors
  9 ice beasts
  2 sky beasts
  13 black bears
  3 wasps
  An ogre (shapeshifter) (Vaults:4)
  17 spiders
  3 phantoms
  The ghost of shakdrar the Skirmisher, an average DsAK of Lugonu (D:3)
  17 centaurs
  2 eyes of draining
  43 ogres
  A crocodile (shapeshifter) (Vaults:4)
  17 crocodiles
  7 big kobolds
  2 brain worms
  Blork the orc (D:5)
  4 gnoll sergeants (D:6)
  21 giant frogs
  A wyvern zombie (D:8)
  An earth elemental (Abyss:1)
  8 scorpions
  A wyvern skeleton (D:8)
  36 killer bees
  A human simulacrum (Vaults:1)
  17 wights
  2 electric eels (Lair:4)
  2 giant frog zombies
  11 crimson imps
  A wasp zombie (D:13)
  4 jellies
  2 iron imps (Depths:2)
  9 centaur zombies
  22 orc priests
  Ijyb (D:2)
  18 hounds
  2 giant frog skeletons
  4 worker ants
  A gnoll shaman (D:6)
  13 iguanas
  27 orc wizards
  19 sheep
  4 big kobold zombies (Ossuary)
  An ogre skeleton (Abyss:1)
  4 mummies (Ossuary)
  2 hound skeletons
  2 worker ant zombies (D:11)
  8 gnolls
  9 adders
  64 river rats
  6 shadow imps
  6 white imps
  3 oozes
  3 ufetubi
  2 adder skeletons
  2 worms (D:3)
  5 giant geckos
  112 orcs
  11 goblins
  21 hobgoblins
  26 kobolds
  3 quokkas
  A ball python (D:5)
  9 bats
  5 giant cockroaches
  11 giant newts
  2 hobgoblin zombies (Ossuary)
  12 jackals
  A jackal skeleton (D:5)
  10 rats
  A briar patch (Swamp:3)
  2 crawling corpses
  2 plants (D:6)
  4 starspawn tentacles (Abyss:1)
1965 creatures vanquished.

Vanquished Creatures (collateral kills)
  Kirke (Swamp:4)
  Donald (Vaults:1)
  2 vault wardens (Vaults:4)
  A frost giant (Vaults:4)
  A yaktaur captain (Vaults:1)
  A rakshasa (Depths:1)
  A dancing weapon (Elf:2)
  A deep troll (Vaults:4)
  12 ugly things
  2 vault sentinels (Vaults:4)
  2 yaktaurs (Vaults:4)
25 creatures vanquished.

Vanquished Creatures (others)
  Frances (D:13)
  2 deep elf sorcerers (Elf:3)
  An ettin (Vaults:5)
  4 vault guards
  A deep elf high priest (Elf:3)
  An ogre mage (Vaults:2)
  A spriggan druid (Swamp:4)
  An orc knight (Vaults:2)
  An orb spider (Spider:3)
  A black mamba (shapeshifter) (Depths:1)
  3 yaktaurs (Vaults:2)
  4 jumping spiders
  4 redbacks (Spider:3)
  A tarantella (Spider:3)
  A centaur (Depths:2)
  A white imp (Lair:4)
  An orc (D:12)
  2 fire vortices (Vaults:2)
  41 fungi
  22 plants
  6 starspawn tentacles (Abyss:1)
  40 starspawn tentacle segments (Abyss:1)
140 creatures vanquished.

Grand Total: 2130 creatures vanquished

Notes
Turn   | Place    | Note
--------------------------------------------------------------
     0 | D:1      | Ijustatesigmund the Minotaur Berserker began the quest for the Orb.
     0 | D:1      | Reached XP level 1. HP: 19/19 MP: 0/0
    41 | D:1      | Reached skill level 4 in Maces & Flails
   343 | D:1      | Reached XP level 2. HP: 24/26 MP: 1/1
   595 | D:1      | Reached skill level 5 in Maces & Flails
   664 | D:1      | Acquired Trog's second power
   692 | D:1      | Reached XP level 3. HP: 28/31 MP: 2/2
  1629 | D:2      | Reached XP level 4. HP: 27/39 MP: 3/3
  1637 | D:2      | Reached skill level 6 in Maces & Flails
  2019 | D:2      | Identified a +1 pair of boots of running (You found it on level 2 of the Dungeon)
  2046 | D:2      | Noticed Ijyb
  2056 | D:2      | Killed Ijyb
  2268 | D:3      | Reached XP level 5. HP: 42/45 MP: 4/4
  2539 | D:3      | Found a sacrificial altar of Ru.
  2725 | D:3      | Noticed a giant frog
  2731 | D:3      | Killed a giant frog
  2731 | D:3      | Reached skill level 7 in Maces & Flails
  2731 | D:3      | Reached XP level 6. HP: 46/51 MP: 5/5
  2806 | D:3      | Noticed shakdrar's ghost (average DsAK)
  2817 | D:3      | Killed shakdrar's ghost
  3144 | D:4      | Noticed Eustachio
  3244 | D:4      | Killed Eustachio
  3244 | D:4      | Reached skill level 8 in Maces & Flails
  3244 | D:4      | Reached XP level 7. HP: 54/57 MP: 6/6
  3527 | D:4      | Reached skill level 5 in Armour
  3649 | D:4      | Reached skill level 9 in Maces & Flails
  4004 | D:5      | Entered Level 5 of the Dungeon
  4081 | D:5      | Noticed Blork the orc
  4090 | D:5      | Killed Blork the orc
  4090 | D:5      | Reached skill level 1 in Throwing
  4090 | D:5      | Reached XP level 8. HP: 57/66 MP: 7/7
  4287 | D:5      | Found a snail-covered altar of Cheibriados.
  4287 | D:5      | Found a blossoming altar of Fedhas.
  4289 | D:5      | Found a stormy altar of Qazlal.
  4300 | D:5      | Identified a scroll of acquirement
  4618 | D:5      | Reached skill level 5 in Fighting
  4665 | D:5      | Acquired Trog's third power
  4950 | D:6      | Noticed Edmund
  4968 | D:6      | Killed Edmund
  5037 | D:6      | Found a staircase to the Ecumenical Temple.
  5065 | D:6      | Reached skill level 10 in Maces & Flails
  5242 | D:6      | Reached skill level 1 in Shields
  5434 | D:6      | Got a crystal hunting sling
  5445 | D:6      | Identified the +10 hunting sling of the Eggplant {freeze, Stlth+} (You found it on level 6 of the Dungeon)
  5543 | D:6      | Reached skill level 11 in Maces & Flails
  5675 | D:7      | Reached XP level 9. HP: 70/74 MP: 8/8
  5839 | D:6      | Found a white marble altar of Elyvilon.
  5909 | D:6      | Noticed Grinder
  5916 | D:6      | Killed Grinder
  6067 | D:6      | Reached skill level 5 in Shields
  6179 | D:6      | Reached skill level 12 in Maces & Flails
  6367 | D:7      | Gained mutation: You can spit weak poison. [potion of beneficial mutation]
  6379 | D:7      | Received a gift from Trog
  6480 | D:7      | Found a bloodstained altar of Trog.
  6481 | D:7      | Found an iron altar of Okawaru.
  6590 | D:7      | You fall through a shaft for 2 floors!
  6642 | D:9      | Reached XP level 10. HP: 84/84 MP: 9/9
  6708 | D:9      | Noticed Noname's ghost (experienced TrHu)
  6726 | D:9      | Killed Noname's ghost
  6957 | D:8      | Found a sand-covered staircase.
  6962 | Ossuary  | Entered an ossuary
  7263 | D:8      | Reached skill level 13 in Maces & Flails
  8049 | D:8      | Found a sparkling altar of Nemelex Xobeh.
  8213 | D:7      | Reached skill level 1 in Evocations
  8785 | D:9      | Noticed Psyche
  8792 | D:9      | Killed Psyche
  8846 | D:9      | Noticed a two-headed hydra
  8853 | D:9      | Killed a two-headed hydra
  8853 | D:9      | Reached XP level 11. HP: 61/97 MP: 12/12
  9183 | D:10     | Entered Level 10 of the Dungeon
  9257 | D:10     | Found a staircase to the Orcish Mines.
  9278 | D:10     | Received a gift from Trog
 10217 | D:11     | Reached skill level 14 in Maces & Flails
 10310 | D:11     | Found a staircase to the Lair.
 10476 | D:11     | Reached skill level 10 in Fighting
 11027 | D:11     | Found a portal to a secret trove of treasure.
 11064 | D:11     | Reached skill level 5 in Evocations
 12025 | D:12     | Received a gift from Trog
 12443 | D:12     | Reached XP level 12. HP: 85/110 MP: 15/15
 12675 | D:13     | Got a dazzling chain mail
 12710 | D:12     | Identified the +2 chain mail "Ekkag" {rElec rPois Int-5} (You found it on level 13 of the Dungeon)
 12710 | D:12     | Lost intelligence.
 13121 | D:13     | Noticed Frances
 13142 | D:13     | Killed Frances
 13142 | D:13     | Reached skill level 10 in Armour
 13429 | D:13     | Reached skill level 15 in Maces & Flails
 13437 | D:13     | Found a gate to the Vaults.
 13620 | D:13     | Noticed Rupert
 13627 | D:13     | Paralysed by Rupert for 2 turns
 13645 | D:13     | Killed Rupert
 14272 | Lair:1   | Entered Level 1 of the Lair of Beasts
 14717 | Lair:1   | Reached XP level 13. HP: 108/116 MP: 18/18
 14734 | Lair:1   | Received a gift from Trog
 15585 | Lair:2   | Reached skill level 16 in Maces & Flails
 15629 | Lair:2   | Noticed Fannar
 15649 | Lair:2   | Killed Fannar
 16565 | Lair:3   | Noticed Nergalle
 16577 | Lair:3   | Killed Nergalle
 16674 | Lair:3   | Received a gift from Trog
 17239 | Lair:3   | Reached skill level 5 in Dodging
 17905 | Lair:4   | Noticed Snorg
 17956 | Lair:4   | Received a gift from Trog
 18614 | Lair:4   | Killed Snorg
 19236 | Lair:5   | Found a staircase to the Swamp.
 19392 | Lair:5   | Found a frozen archway.
 19406 | IceCv    | Entered an ice cave
 19407 | IceCv    | Received a gift from Trog
 19407 | IceCv    | Reached skill level 10 in Dodging
 19681 | IceCv    | Reached XP level 14. HP: 111/124 MP: 19/19
 20628 | Lair:5   | Found a hole to the Spider Nest.
 21339 | Lair:6   | Found a viscous altar of Jiyva.
 21339 | Lair:6   | Found a staircase to the Slime Pits.
 21898 | Lair:7   | Received a gift from Trog
 22359 | Lair:7   | Received a gift from Trog
 22500 | Lair:8   | Entered Level 8 of the Lair of Beasts
 22868 | Lair:8   | Received a gift from Trog
 23167 | Lair:8   | Received a gift from Trog
 23587 | Lair:8   | Received a gift from Trog
 23696 | Lair:8   | Reached skill level 17 in Maces & Flails
 23901 | Lair:8   | Got a fine cloak
 23912 | Lair:8   | Identified the +2 cloak of Unifel {rC+ rN+++ Dex-5} (You found it on level 8 of the Lair of Beasts)
 24091 | Lair:8   | Received a gift from Trog
 24603 | Lair:8   | Reached skill level 5 in Throwing
 24603 | Lair:8   | Reached XP level 15. HP: 97/132 MP: 20/20
 25629 | Orc:1    | Entered Level 1 of the Orcish Mines
 26119 | Orc:2    | You fall through a shaft!
 26126 | Orc:3    | Found a bloodstained altar of Trog.
 26314 | Orc:2    | Found a roughly hewn altar of Beogh.
 26618 | Orc:3    | Found a staircase to the Elven Halls.
 26850 | Orc:3    | Received a gift from Trog
 27062 | Orc:4    | Entered Level 4 of the Orcish Mines
 27226 | Orc:4    | Noticed Saint Roka
 27246 | Orc:4    | Killed Saint Roka
 27255 | Orc:4    | Received a gift from Trog
 27574 | Orc:4    | Received a gift from Trog
 27704 | Orc:4    | Found Taidefot's Armour Shop.
 27704 | Orc:4    | Found Liliplyh's Food Shoppe.
 27707 | Orc:4    | Found Yraovipp's Distillery.
 27707 | Orc:4    | Found Plog's Assorted Antiques.
 27740 | Orc:4    | Noticed Josephine
 27755 | Orc:4    | Killed Josephine
 28540 | D:14     | Found a shadowy altar of Dithmenos.
 28709 | D:15     | Entered Level 15 of the Dungeon
 28760 | D:15     | Lost intelligence.
 28816 | D:15     | Lost intelligence.
 28833 | D:15     | Reached skill level 18 in Maces & Flails
 28845 | D:15     | Reached skill level 15 in Armour
 29089 | D:15     | Found a staircase to the Depths.
 29150 | D:15     | Received a gift from Trog
 29418 | D:15     | Received a gift from Trog
 30049 | Swamp:1  | Entered Level 1 of the Swamp
 30528 | Swamp:1  | Reached XP level 16. HP: 134/145 MP: 7/21
 31126 | Swamp:2  | HP: 10/217 [spriggan druid/stone arrow (10)]
 31128 | Swamp:2  | HP: 4/217 [spriggan druid/angry trees (6)]
 33025 | Swamp:3  | Upgraded the game from 0.17-a0-1798-g879a7aa to 0.17-a0-1804-gf6433eb
 33146 | Swamp:4  | Entered Level 4 of the Swamp
 33231 | Swamp:4  | Received a gift from Trog
 33629 | Swamp:4  | Noticed Aizul
 33660 | Swamp:4  | Reached skill level 19 in Maces & Flails
 33673 | Swamp:4  | Killed Aizul
 34417 | Swamp:4  | Reached skill level 15 in Fighting
 34941 | Swamp:4  | Noticed the 27-headed Lernaean hydra
 34947 | Swamp:4  | Killed the 27-headed Lernaean hydra
 34960 | Swamp:4  | Noticed Kirke
 34976 | Swamp:4  | Killed Kirke
 35023 | Swamp:4  | Got a decaying rune of Zot
 35645 | Vaults:1 | Entered Level 1 of the Vaults
 35657 | Vaults:1 | Received a gift from Trog
 36096 | Vaults:1 | Received a gift from Trog
 36203 | Vaults:1 | Found Otoim's General Store.
 36212 | Vaults:1 | Bought a potion of curing for 51 gold pieces
 36212 | Vaults:1 | Bought a scroll of fog for 34 gold pieces
 36212 | Vaults:1 | Bought a scroll of teleportation for 51 gold pieces
 36212 | Vaults:1 | Bought a scroll of enchant armour for 127 gold pieces
 36260 | Vaults:1 | Reached XP level 17. HP: 156/158 MP: 22/22
 36748 | Vaults:1 | Noticed Donald
 36798 | Vaults:1 | Killed Donald
 37388 | Vaults:1 | Found Gusablo's Antique Armour Shoppe.
 38047 | Vaults:1 | Received a gift from Trog
 38645 | Vaults:2 | Received a gift from Trog
 38790 | Vaults:2 | Noticed a lich
 38815 | Vaults:2 | Killed a lich
 39230 | Vaults:2 | Paralysed by a vampire knight for 6 turns
 39814 | Vaults:2 | Reached XP level 18. HP: 89/172 MP: 7/23
 40569 | Vaults:2 | Received a gift from Trog
 40578 | Vaults:2 | Found a staircase to the Crypt.
 40718 | Vaults:2 | Noticed a Brimstone Fiend
 41014 | Vaults:3 | Reached skill level 10 in Evocations
 41543 | Vaults:3 | Noticed Mara
 41561 | Vaults:3 | Noticed Ijustatesigmund's illusion
 41571 | Vaults:3 | Killed Mara
 41576 | Vaults:3 | Noticed Ijustatesigmund's illusion
 41587 | Vaults:3 | Killed Mara
 41974 | Vaults:3 | Received a gift from Trog
 42089 | Vaults:3 | Noticed Ijustatesigmund's illusion
 42123 | Vaults:3 | Killed Ijustatesigmund's illusion
 42444 | Vaults:3 | Killed Mara
 42747 | Vaults:3 | Noticed Jorgrun
 42765 | Vaults:3 | Killed Jorgrun
 42898 | Vaults:3 | Received a gift from Trog
 42912 | Vaults:3 | Reached skill level 20 in Fighting
 42970 | Vaults:3 | Received a gift from Trog
 43106 | Vaults:3 | Received a gift from Trog
 43368 | Vaults:3 | Identified Sif Muna's Catalogue of Boosting Attacks
 44214 | Vaults:4 | Reached XP level 19. HP: 88/187 MP: 25/25
 44604 | Vaults:4 | Received a gift from Trog
 45175 | Vaults:4 | Received a gift from Trog
 45341 | Vaults:4 | Reached skill level 21 in Fighting
 45388 | Vaults:4 | Received a gift from Trog
 46191 | Vaults:1 | Received a gift from Trog
 46300 | Depths:1 | Entered Level 1 of the Depths
 46364 | Depths:1 | Found Lunosus's Distillery.
 46374 | Depths:1 | Bought a potion of heal wounds for 65 gold pieces
 46374 | Depths:1 | Bought a potion of curing for 39 gold pieces
 46374 | Depths:1 | Bought a potion of curing for 39 gold pieces
 46374 | Depths:1 | Bought a potion of haste for 130 gold pieces
 46869 | Depths:2 | Found a gateway to a ziggurat.
 47336 | Depths:1 | Found a gateway to Hell.
 48867 | Depths:2 | Received a gift from Trog
 48872 | Depths:2 | Reached XP level 20. HP: 180/198 MP: 26/26
 48905 | Depths:2 | Found a one-way gate leading to the halls of Pandemonium.
 49049 | Depths:2 | Received a gift from Trog
 49656 | Elf:1    | Entered Level 1 of the Elven Halls
 49685 | Elf:1    | Found Voennan's Assorted Antiques.
 50514 | Elf:1    | Received a gift from Trog
 51013 | Vaults:1 | Got a jewelled shield {Donald}
 51024 | Vaults:1 | Identified the cursed +0 shield of a treasure trove {rC- Str+3 SInv} (You took it off Donald on level 1 of the Vaults)
 51137 | Vaults:3 | Noticed a lich
 51154 | Vaults:3 | Killed a lich
 51154 | Vaults:3 | Reached skill level 10 in Shields
 51516 | Elf:2    | Found a flickering gateway to a bazaar.
 51534 | Bazaar   | Entered a bazaar
 51538 | Bazaar   | Found Wompenu's Food Emporium.
 51546 | Bazaar   | Found Sopsual's Weapon Boutique.
 51587 | Bazaar   | Found Nompa's Distillery.
 51595 | Bazaar   | Bought a potion of cancellation for 80 gold pieces
 51595 | Bazaar   | Bought 2 potions of cancellation for 160 gold pieces
 51595 | Bazaar   | Bought a potion of agility for 40 gold pieces
 51595 | Bazaar   | Bought a potion of beneficial mutation for 350 gold pieces
 51595 | Bazaar   | Bought a potion of curing for 30 gold pieces
 51595 | Bazaar   | Found Pyopreha's Weapon Shop.
 51750 | Elf:2    | Received a gift from Trog
 51804 | Elf:2    | Gained mutation: You can spit poison. [potion of beneficial mutation]
 51848 | Elf:2    | Received a gift from Trog
 51989 | Elf:2    | Found a runed gate.
 51989 | Elf:2    | Found a runed gate.
 51989 | Elf:2    | Found a runed gate.
 52181 | Elf:2    | Noticed Wiglaf
 52191 | Elf:2    | Noticed Agnes
 52200 | Elf:2    | Killed Wiglaf
 52224 | Elf:2    | Killed Agnes
 52393 | Elf:2    | Reached skill level 10 in Throwing
 53202 | Elf:3    | Entered Level 3 of the Elven Halls
 53206 | Elf:3    | Received a gift from Trog
 53381 | Elf:3    | Cast into the Abyss (a deep elf demonologist)
 53385 | Abyss:1  | Found a corrupted altar of Lugonu.
 53609 | Abyss:1  | Found a corrupted altar of Lugonu.
 53640 | Abyss:1  | Reached skill level 15 in Dodging
 53676 | Elf:3    | Escaped the Abyss
 53889 | Elf:3    | Found Dufih's Weapon Emporium.
 53974 | Elf:3    | Reached skill level 22 in Fighting
 54660 | Elf:3    | Received a gift from Trog
 54680 | Elf:3    | Reached XP level 21. HP: 185/207 MP: 9/27
 55128 | Elf:3    | Cast into the Abyss (a deep elf sorcerer)
 55207 | Abyss:1  | Received a gift from Trog
 55787 | Abyss:1  | Got a pair of scorched gloves
 55829 | Abyss:1  | Identified the +1 pair of gloves of Heresy {*Drain rElec MR+ rCorr} (You found it on level 1 of the Abyss)
 55939 | Elf:3    | Escaped the Abyss
 55952 | Elf:3    | Reached skill level 1 in Stealth
 56661 | Elf:2    | Received a gift from Trog
 56661 | Elf:2    | Reached skill level 5 in Stealth
 56897 | Spider:1 | Entered Level 1 of the Spider Nest
 57472 | Spider:1 | Received a gift from Trog
 58576 | Spider:2 | Noticed Louise
 58622 | Spider:2 | Killed Louise
 58802 | Spider:3 | Noticed Nikola
 58809 | Spider:3 | Noticed Azrael
 59684 | Spider:3 | Noticed Norris
 59707 | Spider:2 | Killed Nikola
 59960 | Spider:2 | Killed Norris
 60190 | Spider:3 | Killed Azrael
 60391 | Spider:3 | Received a gift from Trog
 60468 | Spider:4 | Entered Level 4 of the Spider Nest
 60679 | Spider:4 | Received a gift from Trog
 61818 | Spider:4 | Reached XP level 22. HP: 106/217 MP: 9/28
 62244 | Spider:4 | Got a gossamer rune of Zot
 62846 | Vaults:5 | Entered Level 5 of the Vaults
 62876 | Vaults:5 | Reached skill level 23 in Maces & Flails
 62881 | Vaults:5 | Received a gift from Trog
 63143 | Vaults:4 | Upgraded the game from 0.17-a0-1804-gf6433eb to 0.17-a0-1830-g81820eb
 63419 | Vaults:5 | HP: 5/325 [large abomination[a deep elf high priest] (21)]
 63421 | Vaults:5 | Demolished by a vault guard

Vault maps used:
D:1:      roderic_crossed_star, minmay_misc_feat_doors, st_stairs_7,
          serial_bayou_lake_a
D:2:      kennysheep_the_goblin_king
D:3:      nicolae_ru_awakened_eye, first_bread
D:4:      uniq_eustachio
D:5:      grunt_temple_overflow_open, uniq_blork_the_orc
D:6:      kennysheep_housing_project, lemuel_coloured_pillars_altar,
          minmay_temple_entry_overgrown, uniq_edmund, uniq_grinder
D:7:      grunt_temple_overflow_bloody_war
D:8:      enter_ossuary_5, nemelex_diamond_rough_becter
D:9:      hangedman_ranch, stair_cage_wide, uniq_psyche
D:10:     orc_0_dummy, hangedman_abyss_or_decor_stagger
D:11:     minmay_lair_entry_grove, enter_trove_2
D:13:     kennysheep_demon_hangout, erik_vaults_1, uniq_frances, uniq_rupert
D:14:     lemuel_flame_loot_2, nicolae_dithmenos_through_a_glass_darkly
D:15:     hangedman_depths_entry_civil_slaughter, minmay_misc_feat_rugged,
          corexii_leaking_fountain, minmay_misc_feat_iff
Lair:1:   st_stairs_4, serial_bayou_crossing
Lair:2:   nicolae_lair_grove_arrangements, grunt_megastairs_4,
          infiniplex_staircase_pool, uniq_fannar
Lair:3:   grunt_forest_large_clearings, uniq_nergalle
Lair:4:   bobbens_ice_dragon_lair, serial_bayou_shore_a, uniq_snorg
Lair:5:   swamp_mist, spider_nest_entry_funnel_web, special_room,
          portal_ice_cave_entry_pillars_02, lemuel_fruit_fields,
          grunt_megastairs_2
Lair:6:   slime_altar_1, kennysheep_catoblepas_arena, lemuel_fruit_tree
Lair:7:   infiniplex_staircase_pool_2
Lair:8:   hangedman_lair_in_review, hangedman_lair_caniforms_friends
Swamp:1:  evilmike_swamp_ruin_house_5
Swamp:2:  evilmike_swamp_ruin_wall, swamp_pool1
Swamp:3:  evilmike_swamp_ruin_house_4
Swamp:4:  swamp_old_school, swamp_pool1, evilmike_swamp_ruin_rubble_2,
          uniq_aizul, uniq_kirke
Spider:1: nicolae_spider_circle_web
Spider:2: spider_trap, uniq_louise
Spider:3: uniq_nikola, uniq_azrael, uniq_norris
Spider:4: grunt_spider_rune_circles
Orc:2:    minmay_orc_temple_b
Orc:3:    basic_altar, nicolae_orc_pool_cavern
Orc:4:    grunt_orc_tribal_feast, uniq_josephine, uniq_saint_roka
Elf:1:    eino_elf_arrival_sip, serial_shops, shop, minmay_elf_necromancy
Elf:2:    serial_shops, bzr_entry_water, uniq_agnes, uniq_wiglaf
Elf:3:    minmay_elf_hall_quartered_circle, serial_shops, shop, feat_on_display
Vaults:1: ontoclasm_vaults_twist, vaults_room_grunt_arrival_ludios,
          vaults_dpeg_hooks, vaults_room_hangedman_quadrants, v_misc_10,
          ontoclasm_vaults_bender, v_rooms_6, vaults_mumra_chevron_long,
          nicolae_vaults_theta, vaults_room_mumra_shop_pool, v_misc_24,
          serial_shops, shop, uniq_donald
Vaults:2: v_misc_12, minmay_crypt_entry_simple_walls,
          nicolae_vaults_yaktaur_gun_rack, ontoclasm_vaults_ligature,
          ontoclasm_vaults_hangar, nicolae_vaults_border_crossing,
          vaults_room_guarded_vault, v_rooms_5,
          nicolae_vaults_windows_and_doors_thing, vaults_room_semicircle,
          nicolae_vaults_little_squares_6, nicolae_vaults_asterisk
Vaults:3: nicolae_vaults_arrows, v_rooms_1, v_misc_33, vaults_dpeg_ring,
          uniq_jorgrun, uniq_mara
Vaults:4: st_quartered_hall, hangedman_vaults_trim, ontoclasm_vaults_tryst,
          nicolae_vaults_theta, nicolae_vaults_theta, hangedman_vaults_snaps,
          hangedman_vaults_stream, nicolae_vaults_mini_display_case,
          grunt_vaults_hallway_short, hangedman_vaults_slice, vaults_room_grid,
          dpeg_vaults_monster_box, nicolae_vaults_big_angled_halls,
          ontoclasm_vaults_decontamination
Depths:1: grunt_hell_entry_dis_grunt, serial_shops, shop, evilmike_butchery,
          roderic_lattice_octagonal_star
Depths:2: evilmike_cross, enter_ziggurat_a, grunt_pan_entry_spiral,
          roderic_roman_lattice, hangedman_geh_valley, minmay_misc_feat_cross,
          hangedman_aviary
Bazaar:   bazaar_jpeg_ribbon
Ossuary:  ossuary_the_hunt_dpeg
IceCv:    ice_cave_statue_garden_02

Action                   |  1- 3 |  4- 6 |  7- 9 | 10-12 | 13-15 | 16-18 | 19-21 | 22-24 || total
-------------------------+-------+-------+-------+-------+-------+-------+-------+-------++-------
Melee: Mace              |   104 |   150 |     2 |       |       |       |       |       ||   256
       Flail             |       |       |   308 |   773 |  1526 |       |       |       ||  2607
       Morningstar       |       |       |       |       |   656 |   194 |  1670 |   234 ||  2754
       Dire flail        |       |       |       |       |       |   948 |       |       ||   948
       Great mace        |       |       |       |       |       |   653 |   618 |       ||  1271
       Demon whip        |       |       |       |       |       |   112 |       |       ||   112
Throw: Javelin           |       |    14 |    12 |    13 |     2 |    13 |    85 |     3 ||   142
Invok: Berserk           |       |     2 |     3 |     9 |    11 |    16 |    13 |     2 ||    56
       Trog's Hand       |       |       |     1 |     4 |     6 |     4 |     5 |     1 ||    21
       Burn Spellbooks   |       |       |       |     1 |     7 |     4 |     5 |       ||    17
       Brothers in Arms  |       |       |       |       |       |     5 |     4 |       ||     9
Evoke: Wand              |       |     1 |       |     2 |     2 |     9 |     7 |     1 ||    22
  Use: Scroll            |       |     9 |    12 |    15 |    14 |    11 |    18 |     3 ||    82
       Potion            |       |       |     1 |     2 |     3 |     6 |    16 |     4 ||    32
 Stab: Sleeping          |       |       |     1 |     1 |       |       |       |       ||     2
       Distracted        |       |       |       |     2 |       |       |       |       ||     2
       Invisible         |       |       |       |       |       |       |     1 |     4 ||     5
       Paralysed         |       |       |       |       |       |       |     1 |       ||     1
  Eat: Chunk             |     2 |     7 |    23 |    43 |    60 |    31 |    14 |     3 ||   183
       Fruit             |       |     1 |     1 |       |       |    17 |    44 |     1 ||    64
       Royal jelly       |       |       |       |       |       |     2 |     1 |       ||     3
       Meat ration       |       |       |       |       |       |     2 |       |       ||     2
       Pizza             |       |       |       |       |       |       |     5 |       ||     5
       Bread ration      |       |       |       |       |       |       |     3 |       ||     3
